| TOP OF THE 1ST |
|
Greenville Spinners batting - Pitching for Gastonia Rockets : RHP Ricardo Aponte
|
|
Pitching: RHP Ricardo Aponte
|
|
|
Batting: RHB Tony Russell
|
0-0: Ball 1-0: Called Strike 1-1: Called Strike 1-2: Ball 2-2: Ground out 6-3 (Groundball, 4M, EV 106.9 MPH)
|
|
Batting: LHB John Edmonds
|
0-0: Called Strike 0-1: Foul Ball, location: 2F 0-2: Foul Ball, location: 2F 0-2: Strikes out swinging
|
|
Batting: LHB William Hance
|
0-0: Ball 1-0: Called Strike 1-1: Ball 2-1: Fly out, F9 (Flyball, 9LS, EV 85.0 MPH)
|
| Top of the 1st over - 0 runs, 0 hits, 0 errors, 0 left on base; Greenville 0 - Gastonia 0 |
| BOTTOM OF THE 1ST |
|
Gastonia Rockets batting - Pitching for Greenville Spinners : RHP Linvel Mosby
|
|
Pitching: RHP Linvel Mosby
|
|
|
Batting: RHB Jackie Wright
|
0-0: Ball 1-0: Fly out, F9 (Flyball, 9S, EV 88.8 MPH)
|
|
Batting: RHB James Crawford
|
0-0: Ground out 5-3 (Groundball, 56, EV 93.8 MPH)
|
|
Batting: LHB Dale Holman
|
0-0: Foul Ball, location: 2F 0-1: Swinging Strike 0-2: Ball 1-2: DOUBLE (Line Drive, 78M, EV 88.8 MPH)
|
|
Batting: RHB Mark Davidson
|
0-0: Foul Ball, location: 2F 0-1: Ground out 5-3 (Groundball, 56, EV 88.8 MPH)
|
| Bottom of the 1st over - 0 runs, 1 hit, 0 errors, 1 left on base; Greenville 0 - Gastonia 0 |
| TOP OF THE 2ND |
|
Greenville Spinners batting - Pitching for Gastonia Rockets : RHP Ricardo Aponte
|
|
Batting: RHB Ronald Carapezzi
|
0-0: Called Strike 0-1: Swinging Strike 0-2: Strikes out looking
|
|
Batting: RHB Richard Duran
|
0-0: Ball 1-0: Called Strike 1-1: Ball 2-1: Ball 3-1: Base on Balls
|
|
Batting: RHB Glenn Robertson
|
0-0: Ball 1-0: Foul Ball, location: 2F 1-1: Foul Ball, location: 2F 1-2: Grounds into double play, 5-4-3 (Groundball, 5S, EV 85.0 MPH)
|
| Top of the 2nd over - 0 runs, 0 hits, 0 errors, 0 left on base; Greenville 0 - Gastonia 0 |
| BOTTOM OF THE 2ND |
|
Gastonia Rockets batting - Pitching for Greenville Spinners : RHP Linvel Mosby
|
|
Batting: RHB Gary Skow
|
0-0: Ball 1-0: Ball 2-0: Fly out, F9 (Flyball, 9, EV 88.8 MPH)
|
|
Batting: LHB Reginald Thomas
|
0-0: Foul Ball, location: 2F 0-1: Called Strike 0-2: Fly out, F8 (Flyball, 8LD, EV 98.8 MPH)
|
|
Batting: RHB Jorge Monroig
|
0-0: Ball 1-0: Swinging Strike 1-1: Swinging Strike 1-2: Strikes out looking
|
| Bottom of the 2nd over - 0 runs, 0 hits, 0 errors, 0 left on base; Greenville 0 - Gastonia 0 |
| TOP OF THE 3RD |
|
Greenville Spinners batting - Pitching for Gastonia Rockets : RHP Ricardo Aponte
|
|
Batting: RHB Michael McEvilly
|
0-0: Ball 1-0: Ball 2-0: Foul Ball, location: 2F 2-1: Ball 3-1: Base on Balls
|
|
Batting: RHB Luis Salazar
|
0-0: Fielders Choice at 2nd, 6-4 (Groundball, 6D, EV 107.5 MPH)
|
|
Batting: RHB Darrell Woodard
|
0-0: Called Strike 0-1: Foul Ball, location: 2F 0-2: Ball 1-2: Fly out, F8 (Flyball, 8RS, EV 85.6 MPH)
|
|
Batting: RHB Tony Russell
|
0-0: Ball 1-0: Foul Ball, location: 2F 1-1: Ball 2-1: SINGLE (Flyball, 6MD, EV 85.0 MPH) Luis Salazar to second Runner from 2nd tries for 3rd, OUT! 8-5
|
| Top of the 3rd over - 0 runs, 1 hit, 0 errors, 1 left on base; Greenville 0 - Gastonia 0 |
| BOTTOM OF THE 3RD |
|
Gastonia Rockets batting - Pitching for Greenville Spinners : RHP Linvel Mosby
|
|
Batting: RHB Kurt Kingsolver
|
0-0: Ball 1-0: DOUBLE (Line Drive, 89M, EV 95.6 MPH)
|
|
Batting: RHB Donald Murelli
|
0-0: Reached on error, E4 (Groundball, 34, EV 101.3 MPH) Kurt Kingsolver scores
|
|
Batting: RHB Jackie Wright
|
0-0: Foul Ball, location: 2F 0-1: Ball 1-1: Ground out U3 (Groundball, 34S, EV 90.6 MPH) Donald Murelli to third
|
|
Batting: RHB James Crawford
|
0-0: Foul Ball, location: 2F 0-1: Ball 1-1: Swinging Strike 1-2: Ball 2-2: Strikes out looking
|
|
Batting: LHB Dale Holman
|
0-0: Fly out, F8 (Flyball, 8LM, EV 91.3 MPH)
|
| Bottom of the 3rd over - 1 run, 1 hit, 1 error, 1 left on base; Greenville 0 - Gastonia 1 |
| TOP OF THE 4TH |
|
Greenville Spinners batting - Pitching for Gastonia Rockets : RHP Ricardo Aponte
|
|
Batting: LHB John Edmonds
|
0-0: Ground out 6-3 (Groundball, 56, EV 106.3 MPH)
|
|
Batting: LHB William Hance
|
0-0: Ball 1-0: Called Strike 1-1: Foul Ball, location: 2F 1-2: Ball 2-2: Foul Ball, location: 2F 2-2: Foul Ball, location: 2F 2-2: SINGLE (Line Drive, 78S, EV 103.1 MPH)
|
|
Batting: RHB Ronald Carapezzi
|
0-0: Ball 1-0: Swinging Strike 1-1: Foul Ball, location: 2F 1-2: Ball 2-2: Ball 3-2: Base on Balls William Hance to second
|
|
Batting: RHB Richard Duran
|
0-0: Ball 1-0: Ball 2-0: Called Strike 2-1: Ball 3-1: Base on Balls William Hance to third Ronald Carapezzi to second
|
|
Batting: RHB Glenn Robertson
|
0-0: Grounds into double play, 5-4-3 (Groundball, 56S, EV 88.8 MPH)
|
| Top of the 4th over - 0 runs, 1 hit, 0 errors, 2 left on base; Greenville 0 - Gastonia 1 |
| BOTTOM OF THE 4TH |
|
Gastonia Rockets batting - Pitching for Greenville Spinners : RHP Linvel Mosby
|
|
Batting: RHB Mark Davidson
|
0-0: Called Strike 0-1: Called Strike 0-2: Ball 1-2: Strikes out looking
|
|
Batting: RHB Gary Skow
|
0-0: Ball 1-0: Fly out, F3 (Popup, 3F, EV 83.1 MPH)
|
|
Batting: LHB Reginald Thomas
|
0-0: Called Strike 0-1: Fly out, F8 (Flyball, 8RD, EV 83.1 MPH)
|
| Bottom of the 4th over - 0 runs, 0 hits, 0 errors, 0 left on base; Greenville 0 - Gastonia 1 |
| TOP OF THE 5TH |
|
Greenville Spinners batting - Pitching for Gastonia Rockets : RHP Ricardo Aponte
|
|
Batting: RHB Michael McEvilly
|
0-0: Swinging Strike 0-1: Called Strike 0-2: Ball 1-2: Foul Ball, location: 2F 1-2: Ball 2-2: Strikes out swinging
|
|
Batting: RHB Luis Salazar
|
0-0: Ball 1-0: Foul Ball, location: 2F 1-1: DOUBLE (Line Drive, 78D, EV 106.3 MPH)
|
|
Batting: RHB Darrell Woodard
|
0-0: Ball 1-0: Ball Luis Salazar steals 3rd base 2-0: Bunted foul 2-1: Swinging Strike 2-2: Foul Ball, location: 2F 2-2: Fly out, F3 (Popup, 34S, EV 35.0 MPH)
|
|
Batting: RHB Tony Russell
|
0-0: Ball 1-0: Ball 2-0: Ball 3-0: Base on Balls
|
|
Batting: LHB John Edmonds
|
0-0: Fly out, F8 (Flyball, 78D, EV 90.0 MPH)
|
| Top of the 5th over - 0 runs, 1 hit, 0 errors, 2 left on base; Greenville 0 - Gastonia 1 |
| BOTTOM OF THE 5TH |
|
Gastonia Rockets batting - Pitching for Greenville Spinners : RHP Linvel Mosby
|
|
Batting: RHB Jorge Monroig
|
0-0: Foul Ball, location: 2F 0-1: Ball 1-1: Ball 2-1: Ball 3-1: Swinging Strike 3-2: Fly out, F8 (Line Drive, 8LM, EV 89.4 MPH)
|
|
Batting: RHB Kurt Kingsolver
|
0-0: Foul Ball, location: 2F 0-1: Called Strike 0-2: Strikes out swinging
|
|
Batting: RHB Donald Murelli
|
0-0: Called Strike 0-1: Foul Ball, location: 2F 0-2: Foul Ball, location: 2F 0-2: Ground out 5-3 (Groundball, 5L, EV 103.1 MPH)
|
| Bottom of the 5th over - 0 runs, 0 hits, 0 errors, 0 left on base; Greenville 0 - Gastonia 1 |
| TOP OF THE 6TH |
|
Greenville Spinners batting - Pitching for Gastonia Rockets : RHP Ricardo Aponte
|
|
Batting: LHB William Hance
|
0-0: Fly out, F6 (Popup, 6MD, EV 75.0 MPH)
|
|
Batting: RHB Ronald Carapezzi
|
0-0: SINGLE (Groundball, 56D, EV 98.8 MPH)
|
|
Batting: RHB Richard Duran
|
0-0: Ball 1-0: Called Strike 1-1: Ball 2-1: Fly out, F8 (Flyball, 8RXD, EV 102.5 MPH)
|
|
Batting: RHB Glenn Robertson
|
0-0: Ground out 2-3 (Groundball, 2L, EV 65.0 MPH)
|
| Top of the 6th over - 0 runs, 1 hit, 0 errors, 1 left on base; Greenville 0 - Gastonia 1 |
| BOTTOM OF THE 6TH |
|
Gastonia Rockets batting - Pitching for Greenville Spinners : RHP Linvel Mosby
|
|
Batting: RHB Jackie Wright
|
0-0: Called Strike 0-1: Ground out 4-3 (Groundball, 4, EV 88.8 MPH)
|
|
Batting: RHB James Crawford
|
0-0: Ball 1-0: Swinging Strike 1-1: Ball 2-1: Swinging Strike 2-2: Fly out, F9 (Flyball, 9, EV 76.9 MPH)
|
|
Batting: LHB Dale Holman
|
0-0: Called Strike 0-1: Fly out, F8 (Line Drive, 8RM, EV 90.0 MPH)
|
| Bottom of the 6th over - 0 runs, 0 hits, 0 errors, 0 left on base; Greenville 0 - Gastonia 1 |
| TOP OF THE 7TH |
|
Greenville Spinners batting - Pitching for Gastonia Rockets : RHP Ricardo Aponte
|
|
Batting: RHB Michael McEvilly
|
0-0: Foul Ball, location: 2F 0-1: Foul Ball, location: 2F 0-2: Foul Ball, location: 2F 0-2: Foul Ball, location: 2F 0-2: Foul Ball, location: 2F 0-2: Foul Ball, location: 2F 0-2: Strikes out swinging
|
|
Batting: RHB Luis Salazar
|
0-0: Ball 1-0: Called Strike 1-1: Foul Ball, location: 2F 1-2: Ground out 6-3 (Groundball, 6, EV 83.1 MPH)
|
|
Batting: RHB Darrell Woodard
|
0-0: Called Strike 0-1: Foul Ball, location: 2F 0-2: Ball 1-2: Foul Ball, location: 2F 1-2: Foul Ball, location: 2F 1-2: Ground out 5-3 (Groundball, 15, EV 93.8 MPH)
|
| Top of the 7th over - 0 runs, 0 hits, 0 errors, 0 left on base; Greenville 0 - Gastonia 1 |
| BOTTOM OF THE 7TH |
|
Gastonia Rockets batting - Pitching for Greenville Spinners : RHP Linvel Mosby
|
|
Batting: RHB Mark Davidson
|
0-0: Ball 1-0: Called Strike 1-1: Foul Ball, location: 2F 1-2: Ball 2-2: Ball 3-2: Foul Ball, location: 2F 3-2: Base on Balls
|
|
Batting: RHB Gary Skow
|
0-0: Ball 1-0: Ball 2-0: Grounds into double play, 6-4-3 (Groundball, 6, EV 90.0 MPH)
|
|
Batting: LHB Reginald Thomas
|
0-0: Ball 1-0: Ball 2-0: Ball 3-0: Called Strike 3-1: Foul Ball, location: 2F 3-2: Foul Ball, location: 2F 3-2: Ground out 4-3 (Groundball, 4, EV 80.6 MPH)
|
| Bottom of the 7th over - 0 runs, 0 hits, 0 errors, 0 left on base; Greenville 0 - Gastonia 1 |
| TOP OF THE 8TH |
|
Greenville Spinners batting - Pitching for Gastonia Rockets : RHP Ricardo Aponte
|
|
Pitching: LHP David Cammack
|
|
|
Batting: RHB Tony Russell
|
0-0: Foul Ball, location: 2F 0-1: Swinging Strike 0-2: Ground out 6-3 (Groundball, 6, EV 80.6 MPH)
|
|
Batting: LHB John Edmonds
|
0-0: Called Strike 0-1: Ball 1-1: Foul Ball, location: 2F 1-2: Ball 2-2: Ball 3-2: Foul Ball, location: 2F 3-2: Strikes out looking
|
|
Batting: LHB William Hance
|
0-0: Called Strike 0-1: Ball 1-1: Swinging Strike 1-2: Foul Ball, location: 2F 1-2: Ball 2-2: Ball 3-2: Foul Ball, location: 2F 3-2: Base on Balls
|
|
Batting: RHB Ronald Carapezzi
|
0-0: Called Strike 0-1: Hit by Pitch William Hance to second
|
|
Batting: RHB Richard Duran
|
0-0: Called Strike 0-1: SINGLE (Groundball, 25, EV 64.4 MPH) (infield hit) William Hance to third Ronald Carapezzi to second
|
|
Batting: RHB Glenn Robertson
|
0-0: Ball 1-0: Fly out, F8 (Flyball, 78D, EV 86.9 MPH)
|
| Top of the 8th over - 0 runs, 1 hit, 0 errors, 3 left on base; Greenville 0 - Gastonia 1 |
| BOTTOM OF THE 8TH |
|
Gastonia Rockets batting - Pitching for Greenville Spinners : RHP Linvel Mosby
|
|
Batting: RHB Jorge Monroig
|
0-0: Called Strike 0-1: Ball 1-1: SINGLE (Flyball, 56D, EV 87.5 MPH)
|
|
Batting: RHB Kurt Kingsolver
|
0-0: Called Strike 0-1: Swinging Strike 0-2: Ball 1-2: Strikes out looking
|
|
Batting: RHB Donald Murelli
|
0-0: Ball 1-0: Called Strike 1-1: Ball 2-1: SINGLE (Groundball, 56, EV 96.9 MPH) Jorge Monroig to second
|
|
Batting: RHB Jackie Wright
|
0-0: Called Strike 0-1: Fielders Choice at 2nd, 4-6 (Groundball, 4, EV 92.5 MPH) Jorge Monroig to third
|
|
Batting: RHB James Crawford
|
0-0: Called Strike 0-1: Ball 1-1: Ball 2-1: Swinging Strike 2-2: Foul Ball, location: 2F 2-2: Ball 3-2: Fly out, F9 (Flyball, 9S, EV 90.0 MPH)
|
| Bottom of the 8th over - 0 runs, 2 hits, 0 errors, 2 left on base; Greenville 0 - Gastonia 1 |
| TOP OF THE 9TH |
|
Greenville Spinners batting - Pitching for Gastonia Rockets : LHP David Cammack
|
|
Pitching: RHP Harvey Akers
|
|
|
Pinch Hitting: LHB Glen Moon
|
0-0: Ball 1-0: Ground out 1-3 (Groundball, 13, EV 71.3 MPH)
|
|
Pinch Hitting: RHB Byron Peyton
|
0-0: Called Strike 0-1: Ball 1-1: Ball 2-1: Foul Ball, location: 2F 2-2: Fly out, F4 (Line Drive, 4, EV 72.5 MPH)
|
|
Pinch Hitting: LHB Tim Jordan
|
0-0: Ball 1-0: Ball 2-0: Ball 3-0: Called Strike 3-1: DOUBLE (Flyball, 8RXD, EV 86.3 MPH)
|
|
Batting: RHB Tony Russell
|
0-0: Foul Ball, location: 2F 0-1: Swinging Strike 0-2: Ball 1-2: Foul Ball, location: 2F 1-2: Strikes out swinging
|
| Top of the 9th over - 0 runs, 1 hit, 0 errors, 1 left on base; Greenville 0 - Gastonia 1 |
|